[ AOE2 MATCH · #513620930 ]
UnrankedDravidians vs Malians
Player's team · LOSS
Rival team · WIN
[ REPLAY ANALYSIS · EXTRACTED FROM THE RECORDED GAME ]
Feudal
12:30
Castle
23:48
Imperial
39:17
| APM avg | 25.9 |
| APM peak | 58 |
| eAPM avg | 16.0 |
| Villagers / military | 107 / 146 |
Focus
⚔️ 36.9% · 🌾 63.1%
Skirmisher ×49 · Urumi Swordsman ×28 · Spearman ×26 · Scorpion ×13 · Fishing Ship ×11 · Elephant Archer ×7
Feudal
16:53
Castle
27:21
Imperial
45:24
| APM avg | 40.9 |
| APM peak | 89 |
| eAPM avg | 22.0 |
| Villagers / military | 120 / 158 |
Focus
⚔️ 37.8% · 🌾 62.2%
Gbeto ×74 · Scout Cavalry ×57 · Fishing Ship ×18 · Militia ×12 · Trebuchet (Packed) ×6 · Mangonel ×4
Match map
Initial resources + every placement click. Lines = walls · curves = elevation contours. ◆ gold · ⬟ stone · ● berries · ✦ relic · ◌ wall gap
Your base· Open — 5t gap
ChoRi-Wolo.gg's base· Open — 12t gap
Smoothed initial terrain · ◌ = detected wall gap · hover for details
Inputs per minute
— Cartucho - - ChoRi-Wolo.gg
Build order — Cartucho
First 150 of 341 actions detected
| 0:28 | Build | Dock |
| 0:47 | Build | Town Center |
| 2:45 | Queue | Villager (Male) |
| 2:45 | Queue | Villager (Male) |
| 2:45 | Queue | Villager (Male) |
| 2:46 | Queue | Villager (Male) |
| 2:46 | Queue | Villager (Male) |
| 2:46 | Queue | Villager (Male) |
| 3:14 | Queue | Villager (Male) |
| 3:15 | Queue | Villager (Male) |
| 3:15 | Queue | Villager (Male) |
| 3:39 | Queue | Fishing Ship |
| 4:35 | Build | House |
| 4:38 | Build | House |
| 5:40 | Queue | Villager (Male) |
| 5:40 | Queue | Villager (Male) |
| 5:40 | Queue | Villager (Male) |
| 5:55 | Queue | Villager (Male) |
| 5:56 | Queue | Villager (Male) |
| 5:56 | Queue | Villager (Male) |
| 5:56 | Queue | Villager (Male) |
| 5:56 | Queue | Villager (Male) |
| 5:57 | Queue | Villager (Male) |
| 6:20 | Queue | Fishing Ship |
| 6:58 | Queue | Villager (Male) |
| 6:58 | Queue | Villager (Male) |
| 6:59 | Queue | Villager (Male) |
| 6:59 | Queue | Villager (Male) |
| 7:37 | Queue | Villager (Male) |
| 7:37 | Queue | Villager (Male) |
| 7:37 | Queue | Villager (Male) |
| 7:38 | Queue | Villager (Male) |
| 7:38 | Queue | Villager (Male) |
| 8:14 | Build | House |
| 8:51 | Queue | Villager (Male) |
| 8:51 | Queue | Villager (Male) |
| 8:56 | Queue | Fishing Ship |
| 9:20 | Research | Loom |
| 9:42 | Build | Lumber Camp |
| 10:20 | Research | Feudal Age |
| 10:20 | Research | Feudal Age |
| 10:21 | Research | Feudal Age |
| 10:42 | Queue | Villager (Male) |
| 10:43 | Queue | Villager (Male) |
| 10:53 | Build | Dock |
| 11:18 | Build | Lumber Camp |
| 12:03 | Queue | Fishing Ship |
| 12:11 | Queue | Fishing Ship |
| 12:30 | Age | Feudal Age |
| 12:55 | Build | Barracks |
| 13:01 | Queue | Villager (Male) |
| 13:01 | Queue | Villager (Male) |
| 13:30 | Build | Archery Range |
| 13:38 | Research | Double-Bit Axe |
| 14:07 | Research | Wheelbarrow |
| 14:09 | Queue | Spearman |
| 14:09 | Queue | Spearman |
| 14:11 | Queue | Skirmisher |
| 14:11 | Queue | Skirmisher |
| 14:30 | Build | House |
| 14:31 | Build | House |
| 14:47 | Queue | Skirmisher |
| 15:08 | Research | Town Watch |
| 15:22 | Build | Blacksmith |
| 15:44 | Queue | Villager (Male) |
| 15:44 | Queue | Villager (Male) |
| 16:00 | Build | Mining Camp |
| 16:31 | Queue | Villager (Male) |
| 16:31 | Queue | Villager (Male) |
| 16:37 | Queue | Skirmisher |
| 16:37 | Queue | Skirmisher |
| 17:13 | Queue | Villager (Male) |
| 17:30 | Queue | Fishing Ship |
| 17:31 | Queue | Fishing Ship |
| 17:41 | Build | House |
| 17:48 | Build | House |
| 17:58 | Queue | Villager (Male) |
| 18:33 | Build | Mill |
| 18:37 | Queue | Skirmisher |
| 18:38 | Queue | Skirmisher |
| 18:43 | Queue | Villager (Male) |
| 18:43 | Queue | Villager (Male) |
| 19:11 | Queue | Fishing Ship |
| 19:12 | Queue | Fishing Ship |
| 19:12 | Queue | Fishing Ship |
| 19:15 | Queue | Fishing Ship |
| 20:33 | Build | Market |
| 20:37 | Build | House |
| 20:54 | Queue | Skirmisher |
| 20:54 | Queue | Skirmisher |
| 20:55 | Queue | Skirmisher |
| 20:59 | Queue | Spearman |
| 20:59 | Queue | Spearman |
| 21:00 | Queue | Spearman |
| 21:08 | Research | Castle Age |
| 21:15 | Build | House |
| 21:18 | Build | House |
| 21:42 | Queue | Spearman |
| 21:45 | Queue | Spearman |
| 22:54 | Research | Fletching |
| 22:55 | Research | Forging |
| 22:56 | Research | Padded Archer Armor |
| 22:57 | Research | Scale Mail Armor |
| 23:45 | Queue | Spearman |
| 23:46 | Queue | Spearman |
| 23:46 | Queue | Spearman |
| 23:48 | Age | Castle Age |
| 23:49 | Queue | Skirmisher |
| 23:49 | Queue | Skirmisher |
| 23:50 | Queue | Skirmisher |
| 23:50 | Queue | Skirmisher |
| 23:50 | Queue | Skirmisher |
| 24:05 | Build | Town Center |
| 24:15 | Build | Town Center |
| 25:09 | Build | Monastery |
| 25:29 | Queue | Villager (Male) |
| 25:29 | Queue | Villager (Male) |
| 25:30 | Queue | Villager (Male) |
| 25:30 | Queue | Villager (Male) |
| 25:30 | Queue | Villager (Male) |
| 25:30 | Queue | Villager (Male) |
| 25:31 | Queue | Villager (Male) |
| 25:31 | Queue | Villager (Male) |
| 25:31 | Queue | Villager (Male) |
| 25:55 | Research | Squires |
| 25:58 | Queue | Spearman |
| 25:58 | Queue | Spearman |
| 25:58 | Queue | Spearman |
| 26:05 | Research | Thumb Ring |
| 26:09 | Queue | Skirmisher |
| 26:10 | Queue | Skirmisher |
| 26:10 | Queue | Skirmisher |
| 26:14 | Queue | Villager (Male) |
| 26:15 | Queue | Villager (Male) |
| 26:15 | Queue | Villager (Male) |
| 26:15 | Queue | Villager (Male) |
| 26:40 | Queue | Monk |
| 26:44 | Queue | Villager (Male) |
| 26:44 | Queue | Villager (Male) |
| 27:14 | Queue | Villager (Male) |
| 27:14 | Queue | Villager (Male) |
| 27:14 | Queue | Villager (Male) |
| 27:14 | Queue | Villager (Male) |
| 27:30 | Build | House |
| 27:31 | Build | House |
| 27:34 | Build | House |
| 28:18 | Build | Castle |
| 28:57 | Queue | Villager (Male) |
| 28:58 | Queue | Villager (Male) |
| 28:58 | Queue | Villager (Male) |
Build order — ChoRi-Wolo.gg
First 150 of 420 actions detected
| 0:42 | Build | Town Center |
| 1:17 | Build | Dock |
| 2:46 | Queue | Villager (Male) |
| 2:46 | Queue | Villager (Male) |
| 2:47 | Queue | Villager (Male) |
| 2:47 | Queue | Villager (Male) |
| 2:47 | Queue | Villager (Male) |
| 3:11 | Queue | Fishing Ship |
| 3:11 | Queue | Fishing Ship |
| 3:23 | Research | Loom |
| 3:25 | Queue | Villager (Male) |
| 3:27 | Queue | Villager (Male) |
| 3:28 | Queue | Villager (Male) |
| 3:55 | Build | House |
| 3:58 | Queue | Villager (Male) |
| 4:28 | Build | House |
| 5:28 | Build | Palisade Wall |
| 5:33 | Build | Palisade Wall |
| 5:37 | Build | Palisade Wall |
| 5:43 | Build | Palisade Wall |
| 5:55 | Queue | Villager (Male) |
| 5:56 | Queue | Villager (Male) |
| 6:42 | Queue | Villager (Male) |
| 6:43 | Queue | Villager (Male) |
| 6:43 | Queue | Villager (Male) |
| 6:46 | Queue | Fishing Ship |
| 6:46 | Queue | Fishing Ship |
| 7:11 | Queue | Villager (Male) |
| 7:11 | Queue | Villager (Male) |
| 7:12 | Queue | Villager (Male) |
| 7:17 | Queue | Fishing Ship |
| 7:31 | Build | House |
| 7:34 | Queue | Villager (Male) |
| 7:49 | Build | House |
| 8:12 | Queue | Villager (Male) |
| 8:13 | Queue | Villager (Male) |
| 8:13 | Queue | Villager (Male) |
| 8:14 | Queue | Villager (Male) |
| 8:14 | Queue | Villager (Male) |
| 8:14 | Queue | Villager (Male) |
| 9:00 | Queue | Villager (Male) |
| 9:00 | Queue | Villager (Male) |
| 9:01 | Queue | Villager (Male) |
| 9:05 | Queue | Fishing Ship |
| 9:16 | Build | House |
| 9:59 | Build | Barracks |
| 10:13 | Queue | Villager (Male) |
| 10:37 | Build | House |
| 10:43 | Queue | Villager (Male) |
| 10:43 | Queue | Villager (Male) |
| 10:44 | Queue | Villager (Male) |
| 10:44 | Queue | Villager (Male) |
| 10:51 | Build | Mill |
| 11:16 | Queue | Fishing Ship |
| 11:17 | Queue | Militia |
| 11:18 | Queue | Militia |
| 11:33 | Build | Palisade Wall |
| 11:43 | Build | Palisade Wall |
| 11:49 | Build | Palisade Wall |
| 12:00 | Queue | Villager (Male) |
| 12:11 | Queue | Militia |
| 12:18 | Build | House |
| 12:20 | Build | House |
| 12:22 | Queue | Militia |
| 13:03 | Queue | Villager (Male) |
| 13:04 | Queue | Villager (Male) |
| 13:27 | Queue | Villager (Male) |
| 13:30 | Queue | Villager (Male) |
| 14:26 | Research | Feudal Age |
| 14:45 | Queue | Villager (Male) |
| 15:15 | Queue | Militia |
| 15:15 | Queue | Militia |
| 15:16 | Queue | Militia |
| 15:16 | Queue | Militia |
| 15:16 | Queue | Militia |
| 15:16 | Queue | Militia |
| 15:19 | Queue | Villager (Male) |
| 15:19 | Queue | Villager (Male) |
| 15:22 | Build | House |
| 15:23 | Build | House |
| 16:08 | Queue | Villager (Male) |
| 16:09 | Queue | Villager (Male) |
| 16:18 | Build | Mining Camp |
| 16:53 | Age | Feudal Age |
| 16:58 | Research | Man-at-Arms (upgrade) |
| 17:08 | Build | Stable |
| 17:21 | Research | Fishing Lines |
| 18:01 | Queue | Villager (Male) |
| 18:01 | Queue | Villager (Male) |
| 18:12 | Build | Dock |
| 18:30 | Queue | Scout Cavalry |
| 18:30 | Queue | Scout Cavalry |
| 18:30 | Queue | Scout Cavalry |
| 18:40 | Build | Farm |
| 18:41 | Build | Farm |
| 18:41 | Build | Farm |
| 18:41 | Build | Farm |
| 18:42 | Build | Farm |
| 18:42 | Build | Farm |
| 18:42 | Build | Farm |
| 18:42 | Build | Farm |
| 18:42 | Build | Farm |
| 18:43 | Build | Farm |
| 18:43 | Build | Farm |
| 18:43 | Build | Farm |
| 18:48 | Queue | Galley |
| 18:49 | Queue | Fishing Ship |
| 18:49 | Queue | Fishing Ship |
| 18:49 | Queue | Fishing Ship |
| 18:50 | Queue | Fishing Ship |
| 18:50 | Queue | Fishing Ship |
| 18:53 | Queue | Fishing Ship |
| 18:54 | Queue | Fishing Ship |
| 19:02 | Build | House |
| 19:04 | Build | House |
| 19:07 | Queue | Scout Cavalry |
| 19:08 | Queue | Scout Cavalry |
| 20:46 | Queue | Villager (Male) |
| 20:46 | Queue | Villager (Male) |
| 20:46 | Queue | Villager (Male) |
| 20:47 | Queue | Villager (Male) |
| 20:47 | Queue | Villager (Male) |
| 20:52 | Build | Market |
| 20:55 | Build | Blacksmith |
| 22:04 | Queue | Villager (Male) |
| 22:32 | Build | House |
| 22:33 | Build | House |
| 23:18 | Build | Lumber Camp |
| 24:41 | Research | Castle Age |
| 24:50 | Build | House |
| 24:53 | Build | House |
| 25:06 | Queue | Fishing Ship |
| 25:06 | Queue | Fishing Ship |
| 25:06 | Queue | Fishing Ship |
| 25:07 | Queue | Fishing Ship |
| 25:13 | Research | Double-Bit Axe |
| 25:15 | Research | Gold Mining |
| 25:15 | Research | Stone Mining |
| 25:23 | Research | Scale Mail Armor |
| 25:23 | Research | Fletching |
| 25:37 | Queue | Scout Cavalry |
| 25:57 | Research | Horse Collar |
| 26:05 | Build | Dock |
| 26:12 | Queue | Villager (Male) |
| 26:12 | Queue | Villager (Male) |
| 26:17 | Queue | Militia |
| 26:18 | Queue | Militia |
| 26:27 | Build | House |
| 27:21 | Age | Castle Age |
| 27:28 | Build | Castle |
Match timeline
| 0:28 | Cartucho · first_building Dock |
| 1:17 | ChoRi-Wolo.gg · first_building Dock |
| 5:28 | ChoRi-Wolo.gg · wall_segment Palisade Wall x1 |
| 5:33 | ChoRi-Wolo.gg · wall_segment Palisade Wall x1 |
| 5:37 | ChoRi-Wolo.gg · wall_segment Palisade Wall x1 |
| 5:43 | ChoRi-Wolo.gg · wall_segment Palisade Wall x1 |
| 9:59 | ChoRi-Wolo.gg · first_building Barracks |
| 11:33 | ChoRi-Wolo.gg · wall_segment Palisade Wall x1 |
| 11:43 | ChoRi-Wolo.gg · wall_segment Palisade Wall x1 |
| 11:49 | ChoRi-Wolo.gg · wall_segment Palisade Wall x1 |
| 12:30 | Cartucho · age_up feudal |
| 12:55 | Cartucho · first_building Barracks |
| 13:30 | Cartucho · first_building Archery Range |
| 16:53 | ChoRi-Wolo.gg · age_up feudal |
| 17:08 | ChoRi-Wolo.gg · first_building Stable |
| 21:06 | Cartucho · first_market_sell 100 wood |
| 23:48 | Cartucho · age_up castle |
| 24:36 | ChoRi-Wolo.gg · first_market_buy 100 food |
| 24:38 | ChoRi-Wolo.gg · first_market_sell 100 wood |
| 25:09 | Cartucho · first_building Monastery |
| 27:21 | ChoRi-Wolo.gg · age_up castle |
| 27:28 | ChoRi-Wolo.gg · first_building Castle |
| 27:59 | Cartucho · first_market_buy 100 stone |
| 28:18 | Cartucho · first_building Castle |
| 29:21 | Cartucho · first_building Siege Workshop |
| 29:24 | ChoRi-Wolo.gg · first_building Siege Workshop |
| 37:38 | Cartucho · first_building Stable |
| 38:24 | Cartucho · wall_segment Stone Wall x2 |
| 39:17 | Cartucho · age_up imperial |
| 45:24 | ChoRi-Wolo.gg · age_up imperial |
| 51:08 | Cartucho · resign |
[ AI ANALYSIS · 1 CREDIT ]
What really happened in this match?
Wolo.gg analyzes every decision: build order, eco, micro, common mistakes by bracket. Personalized analysis on WhatsApp or Discord in 30 seconds.
Civ guide
Dravidians
Perfil
Jugador #12408588